 Dungeon Crawl Stone Soup version 0.28-a0-268-g3f656e82c2 (webtiles) character file.

Game seed: 454636747066354278

165 dolemite99 the Chopper (level 5, 0/41 HPs)
             Began as a Demonspawn Monk on Aug 28, 2021.
             Was a Priest of Sif Muna.
             Slain by an orc wizard (1 damage)
             ... on level 3 of the Dungeon.
             The game lasted 00:03:38 (4533 turns).

dolemite99 the Chopper (Demonspawn Monk)            Turns: 4533, Time: 00:03:38

Health: 0/41       AC:  6    Str: 12    XL:     5   Next: 21%
Magic:  5/5        EV: 12    Int: 10    God:    Sif Muna [***...]
Gold:   99         SH:  0    Dex: 15    Spells: 4/4 levels left

rFire   . . .      SeeInvis .   a - +0 hand axe
rCold   . . .      Faith    .   (no shield)
rNeg    . . .      Spirit   .   i - +0 ring mail
rPois   .          Reflect  .   d - +0 helmet
rElec   .          Harm     .   (no cloak)
rCorr   .          Rampage  .   (no gloves)
Will    .....                   (no boots)
Stlth   ++........              (no amulet)
HPRegen 0.13/turn               (no ring)
MPRegen 0.09/turn               (no ring)

@: no status effects
A: claws 1, demonic magic 1, dopey 1, mutation resistance 1, sturdy frame 1
a: Renounce Religion, Channel Magic, Forget Spell


You were on level 3 of the Dungeon.
You worshipped Sif Muna.
Sif Muna was most pleased with you.
You visited 1 branch of the dungeon, and saw 3 of its levels.

You collected 99 gold pieces.

Inventory:

Hand Weapons
 a - a +0 hand axe (weapon)
 g - a +0 long sword of draining
Missiles
 c - 39 stones (quivered)
Armour
 b - a +0 robe
 d - a +0 helmet (worn)
 i - a +0 ring mail (worn)
Wands
 e - a wand of charming (11)
Scrolls
 f - a scroll of teleportation


   Skills:
 - Level 3.0 Fighting
 + Level 5.4 Axes
 - Level 2.6 Dodging
 - Level 1.7 Stealth


You had 4 spell levels left.
You didn't know any spells.
Your spell library contained the following spells:

 Spells                   Type           Power      Damage    Failure   Level
 Sting                    Tmut/Pois      0%         1d3       50%         1
 Sublimation of Blood     Necr           0%         N/A       65%         2
 Wereblood                Tmut           0%         N/A       65%         2
 Dazzling Flash           Conj/Hex       0%         N/A       86%         3
 Olgreb's Toxic Radiance  Pois           0%         N/A       99%         4
 Summon Lightning Spire   Summ/Air       0%         N/A       99%         4
 Agony                    Necr           0%         N/A       100%        5
 Silence                  Hex/Air        0%         N/A       100%        5
 Eringya's Noxious Bog    Tmut/Pois      0%         N/A       100%        6
 Ozocubu's Refrigeration  Ice            0%         4d5       100%        7
 Summon Hydra             Summ           0%         N/A       100%        7
 Ignition                 Fire           0%         3d3       100%        8


Dungeon Overview and Level Annotations

Branches:
Dungeon (3/15)

Altars:
Cheibriados
Sif Muna


Innate Abilities, Weirdness & Mutations

You have sharp fingernails.
Spells you cast may paralyse adjacent enemies.
You are dopey. (Int -2)
You are somewhat resistant to further mutation.
Your movements are slightly less encumbered by armour. (ER -2)


Message History

Something hits you.
* * * LOW HITPOINT WARNING * * *
You closely miss something. Something hits you but does no damage.
You closely miss something. Something hits you.
* * * LOW HITPOINT WARNING * * *
It was a potion of mutation.
You feel extremely strange.
You feel stupid.
You feel less encumbered by your armour.
You feel genetically stable.
The orc priest mumbles some strange prayers to Beogh against you.
Something writhes in agony.
You hear some strange, mumbled words.
A puff of flame appears from out of thin air!
The puff of flame misses you.
You closely miss something. Something hits you but does no damage.
You barely miss something.
You hear some strange, mumbled words.
You are confused.
You bump into the rock wall.
You hear some strange, mumbled words.
A puff of flame appears from out of thin air!
The puff of flame misses you.
You bump into the rock wall.
You hear some strange, mumbled words.
A puff of flame appears from out of thin air!
The puff of flame hits you!
* * * LOW HITPOINT WARNING * * *
You're too confused to move!
Something hits you but does no damage.
You closely miss something. Something hits you but does no damage.
You bump into the rock wall.
Something hits you.
* * * LOW HITPOINT WARNING * * *
You bump into the rock wall.
You feel less confused. Something hits you but does no damage.
You completely miss something.
The orc priest looks satisfied for a moment.
You hear some strange, mumbled words.
Something tries to affect you, but you resist.
You hit something. Something hits you.
You die...

#####.##.#.# #.#
##.#
#.##.#.########^####
#.#
#.##.#.............#
#.#
#.##.##########.##.#
#.# #......# #.##.#
#.# ######## #.##.#
#.# ...#.# #.#
.############.# #.#
..(goo{@......#
..#############


You could see an orc priest, an orc and a goblin.

Vanquished Creatures
  Jessica (D:2)
  An orc wizard (D:3)
  3 gnolls (D:2)
  3 adders (D:2)
  6 orcs (D:3)
  A ball python (D:2)
  5 bats
  5 endoplasms
  2 giant cockroaches (D:1)
  4 goblins
  5 hobgoblins
  4 jackals (D:1)
  3 kobolds
  A quokka (D:1)
  2 frilled lizards (D:2)
  6 rats
52 creatures vanquished.

Vanquished Creatures (others)
  A fungus (D:1)
  8 plants (D:1)
9 creatures vanquished.

Grand Total: 61 creatures vanquished

Notes
Turn   | Place    | Note
-------+----------+-------------------------------------------
     0 | D:1      | dolemite99 the Demonspawn Monk began the quest for the Orb.
     0 | D:1      | Reached XP level 1. HP: 18/18 MP: 1/1
    10 | D:1      | Got Ciplof's Guide on Supportive Poisoning
   179 | D:1      | Reached skill level 3 in Axes
   201 | D:1      | Gained mutation: You have sharp fingernails. [demonic
                  | ancestry]
   201 | D:1      | Reached XP level 2. HP: 19/24 MP: 2/2
   307 | D:1      | Found a faded altar of an unknown god.
   319 | D:1      | Became a worshipper of Sif Muna the Loreminder
   319 | D:1      | Reached * piety under Sif Muna
   319 | D:1      | Reached ** piety under Sif Muna
  1168 | D:1      | Reached *** piety under Sif Muna
  1275 | D:1      | Reached XP level 3. HP: 28/29 MP: 3/3
  1500 | D:2      | Reached skill level 4 in Axes
  2628 | D:2      | Reached XP level 4. HP: 33/35 MP: 4/4
  3185 | D:2      | Noticed Jessica
  3198 | D:2      | Killed Jessica
  3199 | D:2      | Reached skill level 5 in Axes
  3673 | D:2      | Found a snail-covered altar of Cheibriados.
  4065 | D:3      | Gained mutation: Spells you cast may paralyse adjacent
                  | enemies. [demonic ancestry]
  4065 | D:3      | Reached XP level 5. HP: 32/41 MP: 5/5
  4523 | D:3      | Gained mutation: You are dopey. (Int -2) [potion of
                  | mutation]
  4523 | D:3      | Gained mutation: Your movements are slightly less
                  | encumbered by armour. (ER -2) [potion of mutation]
  4523 | D:3      | Gained mutation: You are somewhat resistant to further
                  | mutation. [potion of mutation]
  4527 | D:3      | HP: 1/41 [something/puff of flame (9)]
  4533 | D:3      | Slain by an orc wizard

Illustrated notes

Levels and vault maps discovered:
D:1:      dpeg_arrival_three_same_balls, layout_basic,
          shapermc_ecumenical_altar_mp_ritualfount, minmay_fountain_box,
          minmay_misc_feat_four_crosses, minmay_misc_feat_chi
D:2:      layout_loops_ring, basic_altar, uniq_jessica
D:3:      layout_basic, kennysheep_another_room

Skill      XL: |  1  2  3  4 |
---------------+-------------+-----
Axes           | 3 4 5 |  5.4
Fighting       | |  3.0
Dodging        | |  2.6
Stealth        | |  1.7

Action                   |  1- 3 |  4- 6 || total
-------------------------+-------+-------++-------
Melee: Hand axe          |   145 |   108 ||   253
Throw: Stone             |    39 |    13 ||    52
  Use: Scroll            |       |     3 ||     3
       Potion            |       |     3 ||     3
 Stab: Sleeping          |     2 |       ||     2
Armor: Robe              |    43 |     4 ||    47
       Ring mail         |       |    20 ||    20
Dodge: Dodged            |   118 |    47 ||   165

Table legend: (Time is in decaauts)
 A = Elapsed time spent in this place.
 B = Non-inter-level travel time spent in this place.
 C = Inter-level travel time spent in this place.
 D = Time resting spent in this place.
 E = Time spent auto-exploring this place.
 F = Levels seen in this place.
 G = Mean time per level.
                   A        B        C        D        E       F      G
               +--------+--------+--------+--------+--------+-----+--------+
         Total |   4559 |   4497 |     62 |   1967 |   1797 |   3 | 1519.7 |
       Dungeon |   4559 |   4497 |     62 |   1967 |   1797 |   3 | 1519.7 |
               +--------+--------+--------+--------+--------+-----+--------+

Top non-repeatable levels by time:
     D:2: 2401 daAuts
     D:1: 1470 daAuts
     D:3: 687 daAuts
